[Event "Titled Tuesday Blitz August 24 2021"]
[White "Kim, Sergey"]
[Black "Bok, Benjamin"]
[WhiteFideId "13700570"]
[BlackFideId "1017063"]
[WhiteElo "2470"]
[BlackElo "2658"]
[Result "0-1"]
[Round "01"]
[TimeControl "180+1"]
[Date "2021.08.24"]
[WhiteClock "0:00:01"]
[BlackClock "0:00:05"]

1. d4 Nf6 2. c4 e6 3. Nc3 Bb4 4. Qc2 O-O 5. a3 Bxc3+ 6. Qxc3 d6 7. Nf3 Nbd7 8. g3 b6 9. Bg2 Bb7 10. O-O Qe7 11. b3 e5 12. d5 a5 13. Nd2 Rfc8 14. Bb2 c6 15. dxc6 Bxc6 16. e4 Nc5 17. Qe3 Qb7 18. f3 b5 19. Rab1 h6 20. Rfc1 b4 21. a4 Ne6 22. Bh3 Bd7 23. Bg2 Nc5 24. Rd1 Be6 25. Nf1 Rc6 26. Rd2 Qb6 27. Rbd1 Nxb3 28. Qxb6 Rxb6 29. Rxd6 Rxd6 30. Rxd6 Nc5 31. Bxe5 Nxa4 32. Ne3 Nc5 33. Rb6 Nfd7 34. Rb5 Nxe5 35. Rxc5 Nd3 36. Rb5 a4 37. Bf1 Rd8 38. Nd5 Ne5 39. Rxb4 Nxf3+ 40. Kf2 Ng5 41. Bd3 Ra8 42. Nb6 Ra5 43. Rxa4 Re5 44. Ke3 f6 45. h4 Nxe4 46. Bxe4 Bf5 47. c5 Bxe4 48. Rxe4 Rxc5 49. Nc4 Kh7 50. Nd6 Rc3+ 51. Kf2 h5 52. Nf5 Kg6 53. Ne3 Ra3 54. Rc4 Ra2+ 55. Rc2 Ra3 56. Kf3 Rb3 57. Kf4 Rb4+ 58. Rc4 Rb1 59. Nf5 Rf1+ 60. Ke4 Rxf5 61. Rc3 Rf1 62. Rd3 Kh6 63. Rd8 Kh7 64. Rd3 Kg6 65. Rd8 Rf2 66. Ke3 Rf5 67. Ke4 Rf2 68. Ke3 Rg2 69. Kf3 Ra2 70. Rd5 Ra3+ 71. Kf4 Ra4+ 72. Kf3 Ra7 73. Kf4 Rb7 74. Kf3 Rb4 75. Rc5 Rb7 76. Rd5 Kh6 77. Rc5 Rb6 78. Kf4 g6 79. Rd5 Rb7 80. Rc5 Kg7 81. Rd5 Kf7 82. Ra5 Rd7 83. Rb5 Ke6 84. Rb6+ Rd6 85. Rb5 Rd4+ 86. Ke3 Rd5 87. Rb7 Kf5 88. Kf3 Rd3+ 89. Kf2 Kg4 90. Rb4+ Kh3 91. Rf4 Rxg3 92. Rxf6 Kxh4 93. Rf4+ Rg4 94. Rf3 g5 95. Re3 Rf4+ 96. Kg2 g4 97. Re5 Ra4 98. Re2 Ra3 99. Rd2 Rb3 100. Kh2 Rb5 101. Kg2 Kg5 102. Rd8 Rb2+ 103. Kg1 h4 104. Rg8+ Kf4 105. Rd8 h3 106. Rd3 Kg5 107. Rd1 Kh4 108. Kh1 Rb3 109. Rc1 Kg3 110. Rd1 Rb2 111. Rg1+ Kh4 112. Rf1 g3 113. Rf4+ Kg5 114. Re4 Rb1+ 0-1


[Site "https://www.chess.com"]

[Event "Titled Tuesday Blitz August 24 2021"]
[White "Kobalia, Mikhail"]
[Black "Obolentseva, Alexandra"]
[WhiteFideId "4119150"]
[BlackFideId "24153648"]
[WhiteElo "2569"]
[BlackElo "2113"]
[Result "1-0"]
[Round "01"]
[TimeControl "180+1"]
[Date "2021.08.24"]
[WhiteClock "0:00:15"]
[BlackClock "0:00:33"]

1. e4 c5 2. Nf3 d6 3. Bb5+ Nd7 4. O-O a6 5. Bd3 Ngf6 6. c3 b5 7. Bc2 Bb7 8. Qe2 Qc7 9. d4 e6 10. Re1 Be7 11. e5 dxe5 12. dxe5 Nd5 13. Nbd2 O-O-O 14. a4 Qb6 15. axb5 axb5 16. c4 Nb4 17. Be4 Nb8 18. cxb5 Bxe4 19. Nxe4 Nd3 20. Rd1 Qxb5 21. Nc3 Qd7 22. Bg5 c4 23. Qe4 Bxg5 24. Nxg5 Qd4 25. Qxd4 Rxd4 26. Nxf7 Rf8 27. Nd6+ Kd7 28. Ndb5 Rdf4 29. f3 Nc6 30. Ne4 Nxe5 31. b3 Kc6 32. Nd4+ Kd5 33. Ne2 R4f7 34. bxc4+ Kxc4 35. Nd6+ Kb3 36. Nxf7 Rxf7 37. Ra6 Kc2 38. Rda1 Kd2 39. Ng3 Nc4 40. Rxe6 Rb7 41. h3 Ne3 42. Ra2+ Rb2 43. Rxb2+ Nxb2 44. Re7 g5 45. Rxh7 Nd3 46. Rg7 Nf4 47. Rxg5 Nexg2 48. Ne4+ Ke3 49. Rxg2 Nxg2 50. Kxg2 Kf4 51. h4 Kf5 52. Kg3 Kg6 53. Kg4 1-0


[Site "https://www.chess.com"]

[Event "Titled Tuesday Blitz August 24 2021"]
[White "Koridze, Lile"]
[Black "Ivanov, Oleg"]
[WhiteFideId "13612514"]
[BlackFideId "4103114"]
[WhiteElo "1978"]
[BlackElo "2747"]
[Result "1-0"]
[Round "01"]
[TimeControl "180+1"]
[Date "2021.08.24"]
[WhiteClock "0:00:05"]
[BlackClock "0:00:03"]

1. d4 d5 2. c4 e6 3. Nc3 Nf6 4. Nf3 c5 5. cxd5 Nxd5 6. e4 Nxc3 7. bxc3 cxd4 8. cxd4 Bb4+ 9. Bd2 Bxd2+ 10. Qxd2 O-O 11. Bd3 b6 12. O-O Bb7 13. Rac1 Nd7 14. Qf4 Rc8 15. e5 Bxf3 16. Qxf3 Qg5 17. Rxc8 Rxc8 18. Qb7 Qd8 19. Qxa7 Nxe5 20. dxe5 Qxd3 21. Qxb6 Qd5 22. Qb2 h5 23. Re1 Ra8 24. Ra1 Ra5 25. f4 Qe4 26. Qf2 Ra4 27. g3 h4 28. Re1 Qc4 29. Re2 Qc1+ 30. Qf1 Qc4 31. Rf2 Qd5 32. Qg2 Qc5 33. Qf1 Rc4 34. Kg2 Qd5+ 35. Kh3 Qc5 36. Qe2 hxg3 37. hxg3 g6 38. Qd2 Rc1 39. Qd8+ Kg7 40. Qf6+ Kf8 41. Qd8+ Kg7 42. Qf6+ Kg8 43. Rd2 Rh1+ 44. Kg4 Kh7 45. Rd8 1-0


[Site "https://www.chess.com"]

[Event "Titled Tuesday Blitz August 24 2021"]
[White "Kovalev, Vladislav"]
[Black "Vakhidov, Shahzod"]
[WhiteFideId "13504398"]
[BlackFideId "14205270"]
[WhiteElo "2573"]
[BlackElo "1988"]
[Result "0-1"]
[Round "01"]
[TimeControl "180+1"]
[Date "2021.08.24"]
[WhiteClock "0:00:08"]
[BlackClock "0:00:14"]

1. e4 g6 2. d4 Bg7 3. Be3 c5 4. Nc3 cxd4 5. Bxd4 Nf6 6. e5 Nh5 7. Qd2 f6 8. exf6 Nxf6 9. O-O-O Nc6 10. Be3 Qa5 11. Bh6 O-O 12. Bxg7 Kxg7 13. Kb1 d6 14. Bc4 Bf5 15. f3 Ne5 16. Bb3 Rac8 17. g4 Bd7 18. g5 Nh5 19. f4 Nxf4 20. Nge2 Nxe2 21. Nxe2 Qxd2 22. Rxd2 Rf2 23. Rhd1 Rxh2 24. a3 Bg4 25. Nd4 Rxd2 26. Rxd2 Nf3 27. Nxf3 Bxf3 28. Rd4 d5 29. Rb4 b6 30. a4 Rc7 31. a5 bxa5 32. Rb5 Rd7 33. Rxa5 e5 34. Kc1 e4 35. Kd2 h6 36. gxh6+ Kxh6 37. c3 g5 38. Ke3 g4 39. Bxd5 g3 40. Bxe4 Bxe4 41. Kxe4 g2 42. Ra1 Rd2 43. b4 Rf2 44. Ke3 Rf1 45. Ra6+ Kg5 46. Kd3 g1=Q 47. Kc4 Rc1 48. Rc6 Qe3 49. Rc5+ Kf6 50. Kb3 Ke6 0-1


[Site "https://www.chess.com"]

[Event "Titled Tuesday Blitz August 24 2021"]
[White "Krasilnikov, Evgeni"]
[Black "Holt, Conrad"]
[WhiteFideId "4139739"]
[BlackFideId "2034387"]
[WhiteElo "2295"]
[BlackElo "2586"]
[Result "0-1"]
[Round "01"]
[TimeControl "180+1"]
[Date "2021.08.24"]
[WhiteClock "0:00:04"]
[BlackClock "0:00:08"]

1. e4 e6 2. d4 d5 3. exd5 exd5 4. Nf3 Bd6 5. c4 Nf6 6. Nc3 dxc4 7. Bxc4 O-O 8. O-O Nc6 9. h3 h6 10. Re1 Na5 11. Bd3 Re8 12. Be3 Nc6 13. a3 Be6 14. Bc2 Ne7 15. Ne5 Nf5 16. Qd3 c5 17. Rad1 Nxe3 18. Rxe3 cxd4 19. Qxd4 Bxe5 20. Qxe5 Qb6 21. Qb5 Qc7 22. Qe5 Qxe5 23. Rxe5 Red8 24. Ree1 Kf8 25. Rxd8+ Rxd8 26. Rd1 Rxd1+ 27. Bxd1 Ke7 28. f4 Kd6 29. Nb5+ Kc5 30. Be2 a6 31. Nc3 Kd4 32. Bf3 b6 33. Kf2 Bc4 34. g4 g5 35. fxg5 hxg5 36. Be2 Bxe2 37. Kxe2 Ne4 38. Na2 a5 39. Nc1 Nc5 40. Kd2 Ke4 41. Ke2 Ne6 42. b3 Nf4+ 43. Kf2 Nxh3+ 44. Kg3 Nf4 45. Na2 Ke3 46. b4 Ne2+ 47. Kg2 Kd3 48. Kf2 f6 49. bxa5 bxa5 50. Kf3 Nc3 51. Nc1+ Kd2 52. Nb3+ Kd3 53. Nxa5 Nb5 54. a4 Nc3 55. Nc6 Nxa4 56. Ne7 Nb6 57. Ng8 Nd7 58. Ne7 Ne5+ 59. Kg3 Ke4 60. Nf5 Nd7 61. Nd6+ Kd5 62. Nf5 Nc5 63. Ne3+ Ke4 64. Nf5 Ne6 65. Nd6+ Kd5 66. Nf5 Nd4 67. Ne7+ Ke4 68. Ng8 Ke5 69. Nh6 Ke6 70. Kh3 Ke7 71. Kg3 Kf8 72. Nf5 Nxf5+ 73. gxf5 Ke7 74. Kg4 Kd6 75. Kh5 Ke5 76. Kg6 g4 77. Kf7 g3 0-1


[Site "https://www.chess.com"]

[Event "Titled Tuesday Blitz August 24 2021"]
[White "Krivonosov, Oleg"]
[Black "Nguyen Hong Nhung"]
[WhiteFideId "11600349"]
[BlackFideId "12412201"]
[WhiteElo "2469"]
[BlackElo "1661"]
[Result "1-0"]
[Round "01"]
[TimeControl "180+1"]
[Date "2021.08.24"]
[WhiteClock "0:01:17"]
[BlackClock "0:00:07"]

1. Nf3 f5 2. d4 Nf6 3. g3 g6 4. b3 Bg7 5. Bb2 O-O 6. Bg2 d6 7. O-O Qe8 8. c4 Ne4 9. Nc3 Nxc3 10. Bxc3 Nc6 11. Rc1 e5 12. dxe5 dxe5 13. Qd5+ Be6 14. Qb5 e4 15. Ng5 Rb8 16. Nxe6 Qxe6 17. Qd5 Rfe8 18. Rfd1 Bxc3 19. Rxc3 Ne5 20. Qxe6+ Rxe6 21. f4 Nc6 22. e3 Rd8 23. Rxd8+ Nxd8 24. Kf2 Rd6 25. Ke1 c5 26. Bf1 Kf7 27. Rc2 Nc6 28. Rd2 Ke6 29. Rxd6+ Kxd6 30. Kd2 Nb4 31. a3 Nc6 32. Be2 Ke6 33. g4 Kf6 34. g5+ Ke6 35. h4 Kf7 36. h5 Kg7 37. h6+ Kf7 38. Kc3 Ke6 39. b4 Kd6 40. Bd1 Nd8 41. Ba4 Ne6 42. Bc2 b6 43. Ba4 Ke7 44. Bc6 Kd6 45. Bd5 Nf8 46. Bg8 Kc6 47. Kb3 Kd6 48. Ka4 Kc6 49. Bd5+ Kd6 50. Kb5 cxb4 51. axb4 Kc7 52. Ka6 Kb8 53. Bg8 Ka8 54. c5 Kb8 55. cxb6 axb6 56. Kxb6 Kc8 57. Kc6 Kd8 58. b5 Ke7 59. b6 Nd7 60. b7 Nb8+ 61. Kc7 Na6+ 62. Kc8 Kd6 63. Bc4 Nb8 64. Kxb8 1-0


[Site "https://www.chess.com"]

[Event "Titled Tuesday Blitz August 24 2021"]
[White "Langner, Ladislav"]
[Black "Leitao, Rafael"]
[WhiteFideId "300403"]
[BlackFideId "2101246"]
[WhiteElo "2346"]
[BlackElo "2609"]
[Result "1/2-1/2"]
[Round "01"]
[TimeControl "180+1"]
[Date "2021.08.24"]
[WhiteClock "0:00:07"]
[BlackClock "0:00:11"]

1. e4 e5 2. Bc4 Nc6 3. d3 Nf6 4. Nf3 h6 5. c3 d6 6. Nbd2 g6 7. d4 Bg7 8. O-O O-O 9. dxe5 dxe5 10. Qe2 Qe7 11. a4 Nh5 12. g3 Bg4 13. Re1 Rad8 14. Kg2 Qd7 15. Bb5 a6 16. Bxc6 bxc6 17. Nc4 Qe6 18. Ne3 Bh3+ 19. Kh1 f5 20. exf5 Bxf5 21. Nxf5 Qxf5 22. Kg2 Rd3 23. Nh4 Qd7 24. Nxg6 Qd5+ 25. Kg1 Rf7 26. Qxh5 Rdf3 27. Be3 Qe6 28. Nh4 R3f6 29. Rad1 Kh7 30. Rd8 Bf8 31. Red1 Be7 32. Re8 Rf8 33. Rxf8 Rxf8 34. Rd2 e4 35. Rd4 Bf6 36. Qg6+ Kh8 37. Qxh6+ Kg8 38. Qg6+ Kh8 39. Rxe4 Qd5 40. Qh6+ Kg8 41. Rg4+ Kf7 42. Qg6+ Ke7 43. Re4+ Kd7 44. Bd4 Bxh4 45. Rxh4 Kc8 46. Qg4+ Kb7 47. Qe2 Qd7 48. Re4 Rf5 49. Re7 Qd5 50. Be3 Qd6 51. Bf4 Rxf4 52. gxf4 Qg6+ 53. Kh1 Qb1+ 54. Kg2 Qg6+ 55. Kf3 Qh5+ 56. Ke3 Qc5+ 57. Kd2 Qd5+ 58. Kc2 Qf5+ 59. Kc1 Qxf4+ 60. Kb1 Qf5+ 61. Ka2 Qf4 62. a5 Qa4+ 63. Kb1 Qb3 64. Re4 Qd5 65. Rb4+ Ka7 66. Qe3+ c5 67. Re4 Qd1+ 68. Ka2 Qd5+ 69. Kb1 Qd1+ 70. Qc1 Qd3+ 71. Qc2 Qf1+ 72. Ka2 Qb5 73. c4 Qxa5+ 74. Kb1 Qb6 75. b3 Qd6 76. Kb2 Kb6 77. Rf4 Qxf4 78. Qc3 Qxf2+ 79. Ka3 Qxh2 80. Qf6+ c6 81. Qd8+ Qc7 82. Qa8 Qb7 83. Qxb7+ Kxb7 84. Ka4 Kb6 85. Ka3 a5 86. Ka4 Ka6 87. Ka3 Kb6 88. Ka4 Ka6 89. Ka3 Kb6 1/2-1/2


[Site "https://www.chess.com"]

[Event "Titled Tuesday Blitz August 24 2021"]
[White "Lazavik, Denis"]
[Black "Melikhov, Evgeny V."]
[WhiteFideId "13515110"]
[BlackFideId "4122046"]
[WhiteElo "2436"]
[BlackElo "1957"]
[Result "1-0"]
[Round "01"]
[TimeControl "180+1"]
[Date "2021.08.24"]
[WhiteClock "0:00:04"]
[BlackClock "0:00:05"]

1. d4 Nf6 2. c4 e6 3. Nf3 d5 4. Nc3 Bb4 5. Bg5 h6 6. Bxf6 Qxf6 7. e3 O-O 8. Qb3 c5 9. cxd5 exd5 10. dxc5 Bxc3+ 11. Qxc3 Qxc3+ 12. bxc3 Be6 13. Nd4 Nd7 14. c6 bxc6 15. Nxc6 Nb8 16. Nd4 Rc8 17. Kd2 Nd7 18. Ba6 Rc5 19. Rhb1 Nb6 20. Rb4 Ra5 21. Bb5 Nc4+ 22. Bxc4 dxc4 23. a4 Rc8 24. f3 Rh5 25. h3 a5 26. Rb5 Rg5 27. g4 Bd7 28. Rb7 Rd5 29. e4 Rd6 30. Ke3 g5 31. Ra7 Rc5 32. Rb1 Bxa4 33. Ra1 Bd7 34. R1xa5 Rxa5 35. Rxa5 Rb6 36. Ra8+ Kg7 37. Rd8 Be6 38. Nxe6+ fxe6 39. Rc8 Rb1 40. Rxc4 Rh1 41. e5 Rxh3 42. Rc7+ Kf8 43. Ke4 h5 44. gxh5 Rxh5 45. c4 Rh4+ 46. Ke3 Rf4 47. c5 Rc4 48. c6 g4 49. fxg4 Rxg4 50. Rd7 Rc4 51. c7 Ke8 52. Rd8+ Ke7 53. c8=Q Rxc8 54. Rxc8 Kd7 55. Rc5 1-0


[Site "https://www.chess.com"]

[Event "Titled Tuesday Blitz August 24 2021"]
[White "Lovkov, Roman"]
[Black "Orantes Taboada, Francisco"]
[WhiteFideId "4157389"]
[BlackFideId "22274758"]
[WhiteElo "2387"]
[BlackElo "2073"]
[Result "1-0"]
[Round "01"]
[TimeControl "180+1"]
[Date "2021.08.24"]
[WhiteClock "0:00:22"]
[BlackClock "0:00:30"]

1. e4 c5 2. d4 cxd4 3. c3 d3 4. Bxd3 g6 5. c4 Bg7 6. Nf3 Nc6 7. O-O d6 8. h3 Nf6 9. Nc3 O-O 10. Be3 b6 11. Rc1 Bb7 12. b3 Rc8 13. Qd2 Nd7 14. Bb1 Nde5 15. Nh2 Qd7 16. f4 Nxc4 17. bxc4 Na5 18. Qe2 Nxc4 19. Bf2 Na3 20. Nd5 Nxb1 21. Rxb1 e6 22. Nb4 Rc3 23. Rfd1 Rfc8 24. Bd4 R3c4 25. Bxg7 Kxg7 26. Qb2+ Kg8 27. Ng4 Kf8 28. Qh8+ Ke7 29. Qxh7 Rxe4 30. Qh4+ Kf8 31. Nf6 Qc7 32. Nxe4 Bxe4 33. Rbc1 Qxc1 34. Rxc1 Rxc1+ 35. Kh2 d5 36. Qd8+ Kg7 37. Qd6 Rc4 38. a3 a5 39. Nc6 Rc2 40. Qe5+ Kh7 41. h4 Rxg2+ 42. Kh3 Re2 43. Qf6 Re3+ 44. Kh2 Re2+ 45. Kg1 Kh6 46. Qh8# 1-0


[Site "https://www.chess.com"]

[Event "Titled Tuesday Blitz August 24 2021"]
[White "Loy, Konstantin"]
[Black "Lashkin, Jegor"]
[WhiteFideId "14122499"]
[BlackFideId "13907808"]
[WhiteElo "2084"]
[BlackElo "2293"]
[Result "0-1"]
[Round "01"]
[TimeControl "180+1"]
[Date "2021.08.24"]
[WhiteClock "0:00:14"]
[BlackClock "0:00:15"]

1. e4 c5 2. Nf3 d6 3. d4 cxd4 4. Qxd4 Nc6 5. Bb5 a6 6. Bxc6+ bxc6 7. c4 e5 8. Qd3 Qc7 9. Nc3 Ne7 10. Be3 Ng6 11. O-O Be7 12. c5 dxc5 13. Na4 a5 14. Rfc1 Ba6 15. Qc3 c4 16. Bb6 Qd6 17. Bc5 Qf6 18. Bxe7 Qxe7 19. Nb6 Ra7 20. Nxc4 Bxc4 21. Qxc4 O-O 22. Qxc6 Nf4 23. Qc5 Ne2+ 24. Kf1 Nxc1 25. Rxc1 f6 26. Qxe7 Rxe7 27. Rc5 Rb8 28. b3 a4 29. Nd2 Rd7 30. Ke2 Rbd8 31. Nc4 axb3 32. axb3 Rb8 33. Nd2 Kf7 34. Rc3 Ra8 35. Rd3 Rxd3 36. Kxd3 Rd8+ 37. Ke3 Rb8 38. Kd3 Ke6 39. Kc3 Rc8+ 40. Nc4 Ra8 41. Kb2 Rd8 42. Kc2 Rd4 43. f3 g6 44. Ne3 f5 45. exf5+ gxf5 46. Kc3 Rd8 47. b4 f4 48. Nc4 Rg8 49. b5 Rxg2 50. b6 Rg7 51. Kb4 Kd5 52. Kb5 e4 53. fxe4+ Kxe4 54. Nd6+ Kd3 55. b7 Rxb7+ 56. Nxb7 f3 57. Nc5+ Ke3 0-1


[Site "https://www.chess.com"]

[Event "Titled Tuesday Blitz August 24 2021"]
[White "MATHEUSMDR2005"]
[Black "Timofeev, Artyom"]
[BlackFideId "4140419"]
[WhiteElo "2450"]
[BlackElo "2582"]
[Result "0-1"]
[Round "01"]
[TimeControl "180+1"]
[Date "2021.08.24"]
[WhiteClock "0:00:03"]
[BlackClock "0:01:15"]

1. c4 Nf6 2. Nc3 e5 3. Nf3 Nc6 4. e4 Bb4 5. d3 O-O 6. a3 Bxc3+ 7. bxc3 h6 8. Be2 d6 9. O-O Re8 10. Ne1 Nd7 11. f4 exf4 12. Bxf4 Nc5 13. Rb1 f5 14. Bh5 Rf8 15. Qd2 fxe4 16. dxe4 Be6 17. Nd3 b6 18. Nxc5 bxc5 19. Bxh6 Qh4 20. Qg5 Qxg5 21. Bxg5 Bxc4 22. Rxf8+ Rxf8 23. Bf3 Ba6 24. h4 Ne5 25. Kf2 Bd3 26. Rb7 Bxe4 27. Rxa7 Nxf3 28. gxf3 Rxf3+ 29. Ke2 Rxc3 30. Rxc7 Rxa3 31. Be7 Rd3 32. Rd7 c4 33. Rxd6 Rh3 34. Rd8+ Kf7 35. Bb4 Rb3 36. Rb8 c3 37. Kd1 c2+ 38. Ke2 c1=Q 39. Rf8+ Ke6 0-1


[Site "https://www.chess.com"]

[Event "Titled Tuesday Blitz August 24 2021"]
[White "Maghsoodloo, Parham"]
[Black "Heinemann, Josefine"]
[WhiteFideId "12539929"]
[BlackFideId "12900460"]
[WhiteElo "2601"]
[BlackElo "2300"]
[Result "1-0"]
[Round "01"]
[TimeControl "180+1"]
[Date "2021.08.24"]
[WhiteClock "0:00:49"]
[BlackClock "0:00:05"]

1. e4 e5 2. Nf3 Nc6 3. Bc4 Bc5 4. c3 Nf6 5. d3 a6 6. a4 d6 7. O-O h6 8. Nbd2 O-O 9. Re1 Ba7 10. Nf1 Re8 11. Ng3 Be6 12. Bxe6 Rxe6 13. b4 d5 14. Qc2 dxe4 15. dxe4 Rd6 16. Bb2 Ng4 17. Re2 b5 18. h3 Nf6 19. Ree1 Qd7 20. Red1 Rd8 21. Rxd6 Qxd6 22. axb5 axb5 23. Qe2 Qd3 24. Kf1 Bb6 25. Qxd3 Rxd3 26. Ke2 Rd8 27. Ne1 h5 28. f3 g6 29. Nd3 h4 30. Nf1 Nh5 31. Bc1 f5 32. Bg5 Rd7 33. Bxh4 fxe4 34. fxe4 Kg7 35. Bg5 Nf6 36. Nd2 Ne8 37. Rf1 Nd6 38. Nxe5 Nxe5 39. Bf6+ Kh7 40. Bxe5 Re7 41. Bxd6 cxd6 42. Kd3 Kg7 43. Nf3 Rf7 44. Nh2 Re7 45. Ng4 Rd7 46. Nf6 Rf7 47. Ne8+ 1-0


[Site "https://www.chess.com"]

[Event "Titled Tuesday Blitz August 24 2021"]
[White "Maly, Alexey"]
[Black "davigator"]
[WhiteFideId "14103184"]
[WhiteElo "2250"]
[BlackElo "2368"]
[Result "1/2-1/2"]
[Round "01"]
[TimeControl "180+1"]
[Date "2021.08.24"]
[WhiteClock "0:02:47"]
[BlackClock "0:02:38"]

1. d4 Nf6 2. c4 e6 3. Nf3 Bb4+ 4. Nbd2 b6 5. g3 a5 6. Bg2 c6 7. O-O O-O 8. e4 d5 9. e5 Nfd7 10. Qc2 Ba6 11. b3 h6 12. Rd1 Re8 13. Bb2 Nf8 14. a3 Be7 15. Rac1 Nbd7 16. cxd5 cxd5 17. Qc7 Rc8 18. Qxd8 Rexd8 19. Bf1 Bxf1 20. Kxf1 Nb8 21. Rxc8 Rxc8 22. Rc1 Rxc1+ 1/2-1/2


[Site "https://www.chess.com"]

[Event "Titled Tuesday Blitz August 24 2021"]
[White "Martins, Igor Carvalho Ribeiro"]
[Black "Kamsky, Gata"]
[WhiteFideId "2162962"]
[BlackFideId "2000024"]
[WhiteElo "2449"]
[BlackElo "2644"]
[Result "0-1"]
[Round "01"]
[TimeControl "180+1"]
[Date "2021.08.24"]
[WhiteClock "0:00:14"]
[BlackClock "0:00:58"]

1. Nf3 Nf6 2. c4 g6 3. Nc3 d5 4. cxd5 Nxd5 5. e4 Nxc3 6. dxc3 Qxd1+ 7. Kxd1 f6 8. Kc2 e5 9. Bc4 Bc5 10. Rf1 Nd7 11. a4 a5 12. Ne1 Bb6 13. Bh6 Ke7 14. Nd3 Nc5 15. Nxc5 Bxc5 16. f4 Bd6 17. g3 Bh3 18. Rfe1 Rhd8 19. fxe5 Bxe5 20. Bf4 Rd6 21. Rad1 Rad8 22. Rxd6 Rxd6 23. Bxe5 fxe5 24. Re2 Rf6 25. Rd2 Bd7 26. Bb5 Be6 27. b4 b6 28. Kb2 Rf3 29. bxa5 bxa5 30. Bc6 Rf8 31. Bd5 Bd7 32. Bb3 Bc6 33. Ka3 Rf3 34. Bd5 Rxc3+ 35. Kb2 Rc5 36. Bxc6 Rxc6 37. Rd5 Ke6 38. Rxa5 Rc4 39. Ra7 Kd6 40. a5 Rxe4 41. Ra8 Kc6 42. a6 Kb6 43. Rh8 Re2+ 44. Kc3 Rxh2 45. Kd3 Kxa6 0-1


[Site "https://www.chess.com"]

[Event "Titled Tuesday Blitz August 24 2021"]
[White "Mikhailovsky, Vladimir"]
[Black "Terletsky, Oleg"]
[WhiteFideId "34105414"]
[BlackFideId "14116774"]
[WhiteElo "2315"]
[BlackElo "2073"]
[Result "1-0"]
[Round "01"]
[TimeControl "180+1"]
[Date "2021.08.24"]
[WhiteClock "0:01:04"]
[BlackClock "0:01:01"]

1. e4 e5 2. Nc3 Nf6 3. g3 d5 4. exd5 Nxd5 5. Bg2 Nxc3 6. bxc3 Nc6 7. Nf3 Bd6 8. O-O O-O 9. Rb1 e4 10. Nd4 Nxd4 11. cxd4 f5 12. d3 exd3 13. Qxd3 c6 14. c4 f4 15. Be4 g6 16. Bxg6 hxg6 17. Qxg6+ Kh8 18. Bb2 Qf6 19. d5 Be5 20. Qh5+ Kg8 21. Bxe5 Qf5 22. Qh8+ Kf7 23. Qg7+ Ke8 24. Rbe1 1-0


[Site "https://www.chess.com"]

[Event "Titled Tuesday Blitz August 24 2021"]
[White "Mirzanurov, Bulat"]
[Black "FGHSMN"]
[WhiteFideId "4184521"]
[WhiteElo "2208"]
[BlackElo "2717"]
[Result "1-0"]
[Round "01"]
[TimeControl "180+1"]
[Date "2021.08.24"]
[WhiteClock "0:00:26"]
[BlackClock "0:00:07"]

1. e4 c5 2. Nf3 e6 3. d4 cxd4 4. Nxd4 a6 5. Nc3 Qc7 6. Bd3 Nf6 7. Qe2 d6 8. f4 Nbd7 9. g4 Nc5 10. g5 Nfd7 11. Be3 b5 12. a3 Bb7 13. O-O-O Nxd3+ 14. cxd3 Nc5 15. Kb1 Be7 16. f5 e5 17. Nc2 O-O 18. h4 a5 19. f6 gxf6 20. Rhg1 Kh8 21. Qh5 b4 22. Ne2 bxa3 23. Nxa3 Nxe4 24. dxe4 Bxe4+ 25. Ka1 d5 26. gxf6 Bxa3 27. bxa3 Qd6 28. Ka2 d4 29. Qh6 Bd5+ 30. Kb2 Rfb8+ 31. Kc2 Qc5+ 32. Kd2 dxe3+ 33. Ke1 Rg8 34. Rg7 Be4 35. Rxf7 Raf8 36. Qg7+ Rxg7 37. fxg7+ Kg8 38. gxf8=Q+ Qxf8 39. Rxf8+ Kxf8 40. Rd8+ Ke7 41. Rd1 Bc6 42. Nc3 Ke6 43. Ke2 Be8 44. Kxe3 Bh5 45. Rb1 Kf5 46. Rb5 Kg4 47. Rxe5 Kxh4 48. Rxa5 Bg4 49. Ra7 h5 50. Rh7 Kg3 51. a4 h4 52. a5 h3 53. a6 h2 54. a7 Bf3 55. Rxh2 Kxh2 56. Kxf3 Kg1 57. a8=Q Kh2 58. Qh8+ Kg1 59. Qg7+ Kh2 60. Qg2# 1-0


[Site "https://www.chess.com"]

[Event "Titled Tuesday Blitz August 24 2021"]
[White "Mirzoev, Azer"]
[Black "Quiroga Garza, Juan Manuel"]
[WhiteFideId "13400304"]
[BlackFideId "5117844"]
[WhiteElo "2525"]
[BlackElo "2003"]
[Result "1-0"]
[Round "01"]
[TimeControl "180+1"]
[Date "2021.08.24"]
[WhiteClock "0:02:04"]
[BlackClock "0:02:03"]

1. c4 Nf6 2. Nc3 d6 3. d4 g6 4. e4 Bg7 5. f3 O-O 6. Be3 e5 7. Nge2 Nc6 8. Qd2 Re8 9. O-O-O Nh5 10. d5 Ne7 11. g4 Nf4 12. Nxf4 exf4 13. Bxf4 Kh8 14. Bh6 Ng8 15. Bxg7+ Kxg7 16. h4 Bd7 17. Be2 Qf6 18. g5 Qe5 19. f4 Qe7 20. h5 f5 21. Qd4+ Kf8 22. hxg6 hxg6 23. Bd3 Qg7 24. Qxg7+ Kxg7 25. exf5 Bxf5 26. Bxf5 gxf5 27. Nb5 Re7 28. Nd4 Kg6 29. b3 Rae8 30. Ne6 c6 31. Rh8 cxd5 32. cxd5 Rc8+ 33. Kb2 Kf7 34. Rdh1 1-0


[Site "https://www.chess.com"]

[Event "Titled Tuesday Blitz August 24 2021"]
[White "Mostbauer, Florian"]
[Black "Seo, Jung Min"]
[WhiteFideId "1626671"]
[BlackFideId "1734687"]
[WhiteElo "2272"]
[BlackElo "2486"]
[Result "0-1"]
[Round "01"]
[TimeControl "180+1"]
[Date "2021.08.24"]
[WhiteClock "0:00:20"]
[BlackClock "0:00:52"]

1. d4 Nf6 2. Nf3 c5 3. c3 d5 4. Bg5 Ne4 5. Bf4 Nc6 6. e3 Bf5 7. Nbd2 Nxd2 8. Qxd2 e6 9. Bd3 Bxd3 10. Qxd3 Be7 11. O-O O-O 12. h3 Qb6 13. Rab1 Rac8 14. Ne5 Nxe5 15. Bxe5 Rfd8 16. Rfe1 Qc6 17. Qe2 Bf8 18. a3 b5 19. dxc5 Bxc5 20. Bd4 a5 21. Bxc5 Qxc5 22. Red1 b4 23. cxb4 axb4 24. a4 b3 25. Rd3 Qc4 26. Qd1 Qxa4 27. Qxb3 Qa6 28. Rc3 Rb8 29. Qc2 h6 30. b4 Rb6 31. Rcb3 Rdb8 32. Qb2 Rb5 33. Kh2 Qd6+ 34. Kg1 e5 35. Qc3 d4 36. exd4 exd4 37. Qc4 Rd5 38. b5 d3 39. Rd1 d2 40. Qe2 Kf8 41. Rb2 Re8 42. Qf1 Re1 43. Qxe1 dxe1=Q+ 44. Rxe1 Rd1 45. Rxd1 Qxd1+ 46. Kh2 Qd4 47. Rb1 Qxf2 48. b6 Qf4+ 49. Kh1 Qe4 50. Rb3 Qc4 51. Rb1 Qd3 52. Rb2 Qf1+ 53. Kh2 Qf4+ 54. g3 Qd4 55. Rb5 Qf2+ 56. Kh1 Qf1+ 57. Kh2 Qxb5 58. b7 Qxb7 59. h4 h5 0-1


[Site "https://www.chess.com"]

[Event "Titled Tuesday Blitz August 24 2021"]
[White "Nesterov, Arseniy"]
[Black "Gurevich, Dmitry"]
[WhiteFideId "24198455"]
[BlackFideId "2000407"]
[WhiteElo "2477"]
[BlackElo "2506"]
[Result "1-0"]
[Round "01"]
[TimeControl "180+1"]
[Date "2021.08.24"]
[WhiteClock "0:00:46"]
[BlackClock "0:00:54"]

1. d4 Nf6 2. c4 a6 3. Nc3 c5 4. dxc5 e6 5. Nf3 Bxc5 6. e3 O-O 7. Be2 d5 8. cxd5 exd5 9. O-O Nc6 10. b3 d4 11. exd4 Nxd4 12. Nxd4 Bxd4 13. Bb2 Be6 14. Bf3 Rb8 15. Qd2 Ba7 16. Qf4 Qd4 17. Qg3 Qd2 18. Na4 Qh6 19. Be5 Rbd8 20. Bxb7 Ng4 21. Bf4 Qf6 22. Rae1 g5 23. Bc1 h5 24. h3 h4 25. Qf3 Qxf3 26. Bxf3 Ne5 27. Rxe5 1-0


[Site "https://www.chess.com"]

[Event "Titled Tuesday Blitz August 24 2021"]
[White "Nimrod_Veinberg"]
[Black "Seletsky, Grigory"]
[BlackFideId "14112191"]
[WhiteElo "2700"]
[BlackElo "2492"]
[Result "1-0"]
[Round "01"]
[TimeControl "180+1"]
[Date "2021.08.24"]
[WhiteClock "0:01:36"]
[BlackClock "0:00:22"]

1. d4 d6 2. e4 e5 3. Nf3 exd4 4. Nxd4 Nf6 5. Nc3 Be7 6. Bf4 O-O 7. Qd2 Nc6 8. O-O-O Bd7 9. f3 a6 10. Kb1 b5 11. g4 Ne5 12. Qf2 b4 13. Nce2 Qb8 14. Nf5 Re8 15. Bxe5 dxe5 16. g5 Bxf5 17. gxf6 Be6 18. fxe7 Rxe7 19. Nc1 a5 20. Qc5 Re8 21. Bc4 a4 22. Bxe6 Rxe6 23. Rd7 c6 24. Rhd1 g6 25. R1d6 Rxd6 26. Qxd6 Qb5 27. Rd8+ Rxd8 28. Qxd8+ Kg7 29. Qd3 Qc5 30. b3 a3 31. Qc4 Qd6 32. Nd3 Qf6 33. Qxb4 Qxf3 34. Qxa3 Qxe4 35. Qb2 f6 36. a4 g5 37. a5 g4 38. a6 c5 39. a7 Qa8 40. Qa2 e4 41. Nf4 e3 42. Qa5 c4 43. Qc7+ Kh6 44. Qb8 Qh1+ 45. Kb2 c3+ 46. Kxc3 Qa1+ 47. Kd3 Qd1+ 48. Kxe3 Qc1+ 49. Kd3 Qd1+ 50. Kc3 Qa1+ 51. Kc4 Qa6+ 52. Kd5 Qa5+ 53. Ke6 Qa6+ 54. Kf7 1-0


[Site "https://www.chess.com"]